 Dungeon Crawl Stone Soup version 0.24.0-125-gc4c63601f3 (webtiles) character file.

Game seed: 5014479929582960431, levelgen mode: deterministic

171 nightchill the Caller (level 5, 0/38 HPs)
             Began as a Vampire Summoner on Mar 10, 2020.
             Slain by Pikel
             ... wielding a +0 whip of flaming
              (5 damage)
             ... on level 4 of the Dungeon.
             The game lasted 00:12:49 (4742 turns).

nightchill the Caller (Vampire Summoner)            Turns: 4742, Time: 00:12:50

Health: 0/38       AC:  6    Str:  5 (8)  XL:     5   Next: 26%
Magic:  0/8        EV: 11    Int: 14 (17) God:
Gold:   75         SH:  0    Dex: 12 (15) Spells: 2/8 levels left

rFire    + . .     SeeInvis +   a - +0 trident
rCold    . . .     Gourm    .   (no shield)
rNeg     . . .     Faith    .   r - +2 leather armour {rF+}
rPois    .         Spirit   .   (no helmet)
rElec    .         Reflect  .   (no cloak)
rCorr    .         Harm     .   (no gloves)
MR       .....                  u - +0 pair of boots
Stlth    ++........             (no amulet)
HPRegen  0.32/turn              (no ring)
MPRegen  0.11/turn              (no ring)

@: regenerating quickly
A: no food, fangs 3, see invisible, unbreathing
a: Exsanguinate


You were on level 4 of the Dungeon.
You were alive.

You visited 1 branch of the dungeon, and saw 4 of its levels.

You collected 75 gold pieces.

Inventory:

Hand Weapons
 a - a +0 trident (weapon)
 b - a +0 hunting sling
 p - a +0 spear
 q - a +0 short sword
Missiles
 h - 142 stones (quivered)
 m - 59 sling bullets
Armour
 f - a +0 robe
 o - a +0 leather armour
 r - a +2 leather armour of fire resistance (worn)
 u - a +0 pair of boots (worn)
Jewellery
 d - an uncursed amulet of magic regeneration {unknown}
 s - an uncursed ring of poison resistance {unknown}
Scrolls
 e - a scroll of teleportation {unknown}
 i - a scroll of amnesia {unknown}
 k - a scroll of identify {unknown}
Potions
 c - a potion of curing
 l - a potion of flight {unknown}
 n - a potion of ambrosia {unknown}
 t - a potion of invisibility {unknown}


   Skills:
 + Level 1.9 Fighting
 - Level 2.0 Short Blades
 * Level 1.3 Polearms
 - Level 2.1 Dodging
 - Level 3.0 Stealth
 - Level 2.0 Spellcasting
 * Level 5.4 Summonings


You had 2 spell levels left.
You knew the following spells:

 Your Spells              Type           Power        Failure   Level  Hunger
a - Summon Small Mammal   Summ           ###.         4%          1    N/A
b - Call Imp              Summ           ###.....     7%          2    N/A
c - Call Canine Familiar  Summ           ###.....     13%         3    N/A

Your spell library contained the following spells:

 Spells                   Type           Power        Failure   Level  Hunger
 Summon Guardian Golem    Hex/Summ       #.......     36%         3    N/A
 Summon Ice Beast         Ice/Summ       #.......     78%         4    N/A
 Summon Lightning Spire   Summ/Air       #.......     78%         4    N/A

Dungeon Overview and Level Annotations

Branches:
Dungeon (4/15)
 Temple: D:4-7

Altars:
Ashenzari
Nemelex Xobeh

Annotations:
D:4 Pikel


Innate Abilities, Weirdness & Mutations

You do not eat.
Your natural rate of healing is unusually fast.
You have razor-sharp teeth.
You have supernaturally acute eyesight. (SInv)
You can survive without breathing.


Message History

Pikel hits you with a +0 whip of flaming.
The slave hits your crimson imp but does no damage.
The slave closely misses you.
Your crimson imp blinks!
You hit the slave.
The slave is heavily wounded.
Pikel closely misses you. The slave hits you.
Pikel hits you with a +0 whip of flaming.
* * * LOW HITPOINT WARNING * * *
As you read the scroll labeled EMPOAR AJIMAHU, it crumbles to dust.
You feel blessed for a moment.
It was a scroll of remove curse.
The slave hits you.
* * * LOW HITPOINT WARNING * * *
Pikel hits you but does no damage.
It was a potion of degeneration.
There was something very wrong with that liquid.
You feel weakened.
You feel dopey.
You feel clumsy. The slave barely misses you.
Pikel hits you with a +0 whip of flaming.
You die...

..........#.######
#>................
.#........#####
#.#.....†#
#..#.##.###.######..
....................
#..#.##.###.########
# #p###†# #pK@#.#
###p#K# ####.#.#
#<...#p#
####'#.#####
#....p....#
#.....###.#
#.......#.#
#.##.....#.#.#


You could see Pikel and 3 slaves.

Vanquished Creatures
  An adder (D:2)
  An ooze (D:1)
  3 dart slugs
  6 leopard geckos
  3 orcs (D:3)
  A giant cockroach (D:1)
  2 goblins (D:2)
  8 hobgoblins
  7 kobolds
  A quokka (D:2)
  7 bats
  7 frilled lizards
  3 rats
50 creatures vanquished.

Vanquished Creatures (collateral kills)
  Jessica (D:3)
  Terence (D:3)
  5 adders
  A shadow imp (D:4)
  An ooze (D:1)
  2 dart slugs
  11 orcs
  A goblin (D:2)
  4 hobgoblins
  12 jackals
  3 bats (D:1)
  A kobold (D:1)
  2 rats
45 creatures vanquished.

Grand Total: 95 creatures vanquished

Notes
Turn   | Place    | Note
-------+----------+-------------------------------------------
     0 | D:1      | nightchill the Vampire Summoner began the quest for the
                  | Orb.
     0 | D:1      | Reached XP level 1. HP: 13/13 MP: 3/3
   310 | D:1      | Reached XP level 2. HP: 20/20 MP: 5/5
   567 | D:1      | Learned a level 2 spell: Call Imp
   633 | D:1      | Reached skill level 1 in Short Blades
   885 | D:1      | Reached skill level 1 in Fighting
  1066 | D:1      | Reached XP level 3. HP: 23/26 MP: 0/6
  1134 | D:1      | Learned a level 3 spell: Call Canine Familiar
  2087 | D:2      | Found a shattered altar of Ashenzari.
  2291 | D:2      | Reached XP level 4. HP: 25/32 MP: 1/7
  2608 | D:2      | Reached skill level 5 in Summonings
  3728 | D:3      | Noticed Terence
  3737 | D:3      | Killed Terence
  3737 | D:3      | Reached skill level 1 in Polearms
  4022 | D:3      | Reached XP level 5. HP: 38/38 MP: 8/8
  4052 | D:3      | Noticed Jessica
  4118 | D:3      | Killed Jessica
  4509 | D:3      | Found a faded altar of an unknown god.
  4620 | D:4      | Found a sparkling altar of Nemelex Xobeh.
  4690 | D:4      | Noticed a slave
  4692 | D:4      | Noticed a slave
  4707 | D:4      | Noticed Pikel
  4720 | D:4      | Noticed a slave
  4722 | D:4      | Noticed a slave
  4742 | D:4      | Slain by Pikel

Levels and vault maps discovered:
D:1:      nicolae_arrival_washed_ashore, layout_loops_ring
D:2:      layout_loops_ring, lemuel_doored_altar, first_ration
D:3:      layout_loops_ring, chequers_ecumenical_altar_grove, uniq_terence,
          uniq_jessica
D:4:      layout_basic, overflow_temple_1_default, uniq_blork_the_orc,
          uniq_natasha, uniq_pikel

Skill      XL: |  1  2  3  4 |
---------------+-------------+-----
Short Blades   | 1 2 |  2.0
Fighting       | 1 |  1.9
Summonings     | 5 |  5.4
Polearms       | 1 |  1.3
Dodging        | |  2.1
Stealth        | |  3.0
Spellcasting   | |  2.0

Action                   |  1- 3 |  4- 6 || total
-------------------------+-------+-------++-------
Melee: Short sword       |   107 |    31 ||   138
       Bite              |     5 |     3 ||     8
       Trident           |       |    78 ||    78
 Cast: Summon Small Mamm |    12 |       ||    12
       Call Imp          |    22 |    35 ||    57
       Call Canine Famil |     1 |     1 ||     2
  Use: Potion            |     1 |     1 ||     2
       Scroll            |       |     1 ||     1
 Stab: Sleeping          |     4 |     6 ||    10
       Distracted        |       |     1 ||     1
Armor: Robe              |    28 |     3 ||    31
       Leather armour    |       |    18 ||    18
Dodge: Dodged            |   110 |    64 ||   174
